Map: Emerald City LE

Players

LaForge

  • Race: Protoss Protoss
  • Spawn Location: 11:00

BroLuk

  • Race: Protoss Protoss
  • League: Gold
  • Spawn Location: 11:00

Massa - Winner!

  • Race: Terran Terran
  • Spawn Location: 5:00

qqq - Winner!

  • Race: Protoss Protoss
  • Spawn Location: 5:00

VOD

Have the link to the VOD?

Description

Time

  • Played on: Oct. 2, 2020, 3:31 p.m.
  • Length: 18:07
Show
View Real Time Build Order
Export as new Build Order

LaForge Protoss 

Build Orders:  

Get SALT Encoding   

  12  0:01  Probe  
  13  0:13  Probe  
  14  0:18  Pylon  
  14  0:25  Probe  
  15  0:38  Gateway  
  15  0:39  Probe (Chrono Boost)  
  16  0:48  Assimilator  
  16  0:49  Probe (Chrono Boost)  
  17  0:54  Probe (Chrono Boost)  
  18  1:08  Probe  
  19  1:14  Pylon  
  19  1:25  Probe, Zealot (Chrono Boost)  
  20  1:28  Cybernetics Core  
  22  1:37  Probe  
  23  1:55  Nexus  
  23  2:04  Probe  
  23  2:05  Warp Gate (Chrono Boost)  
  23  2:08  Assimilator  
  24  2:16  Stalker  
  26  2:29  Gateway  
  26  2:38  Probe  
  27  2:52  Stalker (Chrono Boost)  
  28  3:17  Stalker (Chrono Boost)  
  30  3:28  Shield Battery  
  30  3:30  Stalker (Chrono Boost)  
  28  3:39  Stalker (Chrono Boost)  
  28  3:41  Gateway  
  30  3:42  Gateway  
  30  4:04  Pylon  
  30  4:06  Stalker  
  30  4:11  Cybernetics Core  
  30  4:24  Stalker  
  31  4:36  Stalker x2  
  29  4:48  Stalker x2  
  33  4:57  Probe  
  33  5:09  Probe  
  33  5:11  Stalker  
  37  5:21  Probe  
  37  5:25  Stalker x2  
  41  5:44  Robotics Facility  
  41  5:50  Probe x2  
  43  6:02  Probe x2  
  43  6:03  Twilight Council  
  45  6:06  Pylon  
  45  6:07  Pylon  
  45  6:14  Probe  
  45  6:18  Probe  
  47  6:27  Probe  
  47  6:30  Probe  
  49  6:34  Forge  
  49  6:36  Blink (Chrono Boost)  
  49  6:37  Observer (Chrono Boost)  
  49  6:39  Probe  
  51  6:47  Pylon  
  51  6:54  Warp Prism  
  53  7:02  Probe x2  
  53  7:03  Protoss Ground Weapons Level 1 (Chrono Boost)  
  53  7:04  Assimilator  
  55  7:21  Photon Cannon  
  55  7:23  Photon Cannon  
  55  7:25  Probe x2  
  57  7:37  Probe  
  57  7:43  Stalker x4  
  62  7:57  Gateway  
  58  8:08  Stalker x2  
  58  8:09  Stalker  
  58  8:24  Stalker  
  58  8:26  Probe x2  
  60  8:38  Probe x2  
  62  8:50  Probe x2  
  64  8:58  Pylon, Nexus  
  64  9:02  Probe x2  
  66  9:14  Probe  
  66  9:16  Probe  
  68  9:26  Probe, Protoss Ground Weapons Level 2 (Chrono Boost)  
  68  9:28  Probe, Robotics Facility  
  70  9:37  Assimilator, Robotics Bay  
  70  9:41  Shield Battery  
  70  9:45  Charge (Chrono Boost)  
  70  9:58  Immortal  
  74  10:00  Probe x2  
  74  10:06  Pylon  
  76  10:12  Probe x2  
  78  10:14  Assimilator  
  78  10:18  Assimilator  
  78  10:25  Extended Thermal Lance (Chrono Boost)  
  78  10:26  Colossus  
  84  10:35  Zealot x2  
  88  10:36  Colossus  
  94  10:43  Probe x3  
  97  10:55  Probe x2  
  99  11:06  Adept x2  
  103  11:15  Gateway  
  103  11:20  Gateway  
  101  11:26  Colossus  
  101  11:32  Zealot x2  
  109  11:38  Pylon  
  109  11:39  Pylon  
  107  11:42  Pylon  
  107  11:43  Protoss Ground Weapons Level 3 (Chrono Boost)  
  107  11:45  Pylon  
  107  11:55  Colossus  
  107  11:58  Stalker x2  
  117  12:06  Gateway  
  117  12:10  Probe x2  
  119  12:20  Colossus  
  125  12:23  Templar Archives  
  125  12:40  Nexus  
  123  12:55  Stalker x3  
  123  12:56  Stalker  
  131  13:01  High Templar x4  
  131  13:04  Warp Prism  
  141  13:14  Pylon  
  141  13:16  Archon x2  
  141  13:23  Pylon  
  141  13:27  Pylon  
  141  13:29  Pylon  
  141  13:30  Pylon  
  141  13:32  Probe x3, Immortal  
  152  13:41  Immortal  
  152  13:45  Zealot  
  152  13:46  Zealot x5  
  164  14:00  High Templar x2  
  142  14:08  Archon  
  126  14:12  Stalker x6  
  112  14:23  Colossus x2  
  104  14:33  Stalker x2  
  92  14:49  Stalker x5  
  96  14:59  Stalker x2  
  97  15:06  Stalker  
  99  15:16  Colossus  
  99  15:19  Probe x3  
  108  15:26  Probe  
  108  15:28  Zealot x6  
  117  15:31  Probe  
  118  15:39  Stalker x2  
  102  15:51  Stalker x2  
  102  15:52  Stalker x3  
  102  16:03  Zealot x3  
  104  16:13  Probe x2  
  104  16:18  Assimilator  
  100  16:20  High Templar x5  
  100  16:23  Archon  
  100  16:24  Archon  
  110  16:29  High Templar  
  112  16:34  Archon  
  112  16:35  High Templar  
  112  16:37  High Templar  
  116  16:49  Assimilator  
  116  16:52  High Templar  
  118  16:54  Archon  
  118  16:58  Zealot x4  
  118  16:59  Nexus  
  126  17:01  Pylon  
  126  17:06  Stalker  
  128  17:11  High Templar  
  128  17:12  Stalker  
  132  17:18  Archon  
  132  17:24  Zealot x4  
  128  17:42  Stalker x3  
Show
View Real Time Build Order
Export as new Build Order

BroLuk Protoss 

Build Orders:  

Get SALT Encoding   

  12  0:01  Probe  
  13  0:14  Probe  
  14  0:27  Probe  
  15  0:30  Pylon  
  15  0:48  Probe (Chrono Boost)  
  16  0:56  Gateway  
  16  1:00  Probe (Chrono Boost)  
  17  1:20  Probe  
  18  1:32  Probe  
  19  1:35  Assimilator  
  19  1:41  Zealot (Chrono Boost)  
  19  1:44  Probe  
  22  1:54  Pylon  
  22  1:58  Probe  
  23  2:11  Zealot (Chrono Boost)  
  23  2:12  Probe  
  26  2:40  Cybernetics Core  
  24  2:46  Zealot  
  24  3:00  Gateway  
  24  3:02  Gateway  
  24  3:05  Gateway  
  26  3:21  Warp Gate (Chrono Boost)  
  24  3:32  Stalker  
  22  3:56  Stalker  
  22  3:57  Stalker x2  
  22  4:02  Zealot  
  24  4:19  Probe  
  23  4:31  Probe  
  24  4:43  Probe  
  25  4:55  Probe  
  26  5:05  Stalker x2  
  30  5:09  Pylon  
  30  5:32  Stalker x4  
  38  5:38  Probe (Chrono Boost)  
  39  5:49  Probe (Chrono Boost)  
  36  5:52  Assimilator  
  36  6:08  Stalker  
  38  6:15  Pylon  
  38  6:16  Pylon  
  38  6:18  Probe (Chrono Boost)  
  39  6:32  Probe (Chrono Boost)  
  39  6:34  Pylon  
  39  6:36  Zealot x3  
  39  6:37  Zealot  
  48  6:41  Probe  
  49  6:57  Pylon  
  49  7:01  Stalker x2  
  49  7:02  Stalker  
  55  7:08  Pylon  
  55  7:16  Zealot  
  57  7:26  Probe (Chrono Boost)  
  58  7:32  Sentry  
  58  7:34  Sentry  
  58  7:36  Probe (Chrono Boost), Sentry  
  65  7:45  Zealot  
  65  8:09  Zealot  
  39  8:33  Probe  
  36  9:06  Probe  
  37  9:23  Probe  
  38  9:35  Probe (Chrono Boost), Nexus  
  39  9:44  Sentry  
  39  9:45  Probe (Chrono Boost)  
  42  9:50  Probe (Chrono Boost)  
  43  9:58  Forge  
  43  10:01  Probe  
  44  10:13  Probe (Chrono Boost)  
  45  10:16  Pylon  
  45  10:25  Probe (Chrono Boost)  
  46  10:31  Probe (Chrono Boost)  
  46  10:34  Assimilator  
  47  10:38  Assimilator  
  47  10:41  Probe (Chrono Boost)  
  48  10:46  Robotics Facility  
  48  10:49  Probe (Chrono Boost)  
  48  10:50  Robotics Facility  
  48  10:54  Probe  
  51  11:06  Probe x2 (Chrono Boost)  
  52  11:17  Probe (Chrono Boost)  
  54  11:19  Probe (Chrono Boost)  
  54  11:21  Probe (Chrono Boost)  
  55  11:35  Probe  
  55  11:36  Probe  
  52  11:48  Probe x2  
  52  11:49  Nexus  
  52  12:00  Probe x2  
  54  12:01  Protoss Ground Weapons Level 1 (Chrono Boost)  
  54  12:05  Robotics Bay  
  54  12:12  Immortal (Chrono Boost)  
  58  12:23  Probe x2  
  58  12:28  Immortal (Chrono Boost)  
  60  12:35  Probe  
  59  12:45  Immortal (Chrono Boost)  
  59  12:48  Pylon  
  62  12:52  Photon Cannon  
  62  12:55  Extended Thermal Lance  
  62  13:02  Probe x2  
  64  13:08  Photon Cannon  
  64  13:14  Probe x2  
  64  13:17  Pylon  
  66  13:31  Probe  
  66  13:32  Probe x2  
  69  13:37  Colossus  
  75  13:43  Probe  
  75  13:44  Probe x2  
  75  13:45  Photon Cannon  
  78  13:50  Warp Prism  
  80  13:56  Probe  
  71  14:24  Probe x2  
  71  14:25  Probe  
  72  14:34  Colossus  
  84  14:40  Probe x2  
  84  14:41  Probe  
  75  14:46  Pylon  
  71  14:57  Stalker  
  71  14:58  Stalker x3  
  79  15:02  Protoss Ground Armor Level 1  
  79  15:07  Assimilator  
  79  15:08  Assimilator  
  79  15:10  Pylon  
  79  15:13  Pylon  
  79  15:20  Twilight Council  
  79  15:24  Stalker x4  
  59  15:52  Stalker x2  
  59  15:53  Stalker x2  
  67  16:11  Charge (Chrono Boost)  
  67  16:13  Gateway  
  67  16:15  Gateway  
  67  16:17  Gateway  
  65  16:19  Gateway  
  63  16:27  Warp Prism (Chrono Boost)  
  65  16:47  Nexus  
  65  16:48  Pylon  
  65  16:51  Pylon  
  65  16:55  Assimilator  
  65  16:59  Assimilator  
  65  17:12  Templar Archives  
  65  17:19  Stalker x4  
  65  17:20  Stalker x4  
  55  17:54  Zealot x6  
  55  17:55  Zealot x2  
Show
View Real Time Build Order
Export as new Build Order

Massa Terran - Winner!

Build Orders:  

Get SALT Encoding   

  12  0:00  SCV  
  13  0:12  SCV  
  14  0:21  Supply Depot  
  14  0:24  SCV  
  15  0:32  Refinery  
  15  0:43  SCV  
  15  0:46  Barracks  
  16  0:55  SCV  
  17  1:07  Refinery, SCV  
  18  1:19  SCV  
  19  1:34  Factory, Marine  
  20  1:40  Orbital Command  
  20  1:52  Reaper  
  21  2:08  SCV  
  22  2:19  Command Center  
  22  2:21  Supply Depot  
  22  2:39  Reaper  
  22  2:43  Widow Mine, SCV  
  26  2:55  SCV  
  27  3:24  Factory Tech Lab  
  27  3:25  Barracks Tech Lab  
  27  3:27  Command Center  
  27  3:32  Engineering Bay  
  27  3:37  Barracks x2  
  27  3:40  Starport  
  26  4:27  Barracks  
  25  4:55  Orbital Command  
  25  4:57  Orbital Command  
  25  4:58  SCV  
  26  5:03  Marauder, Missile Turret  
  26  5:04  Concussive Shells  
  28  5:08  Siege Tank  
  28  5:10  SCV  
  28  5:11  Barracks Reactor  
  28  5:12  Marine  
  33  5:22  SCV  
  33  5:25  Marauder  
  36  5:34  SCV  
  37  5:37  Marine x2  
  39  5:46  Marauder  
  39  5:47  Stimpack  
  41  5:50  SCV x2  
  41  5:53  SCV  
  41  5:55  Marine x2  
  46  6:01  Siege Tank  
  46  6:02  SCV x2  
  51  6:05  SCV  
  51  6:07  Marauder, Medivac  
  54  6:13  Marine  
  54  6:14  SCV x2, Barracks  
  54  6:17  Barracks Tech Lab  
  57  6:19  Marine x2  
  59  6:28  SCV x2  
  61  6:34  Refinery  
  61  6:39  Supply Depot  
  61  6:50  Supply Depot  
  61  7:00  SCV, Marine x3  
  61  7:01  Marauder  
  67  7:04  Marauder  
  69  7:14  Medivac  
  71  7:18  Marine x3  
  71  7:20  Siege Tank  
  77  7:31  Supply Depot  
  77  7:32  Barracks, Supply Depot x2  
  77  7:37  Barracks  
  77  7:52  Marauder x2, Marine x3  
  77  7:53  Medivac  
  77  7:54  Widow Mine  
  77  7:57  Supply Depot x2  
  88  7:59  Supply Depot  
  87  8:14  Marauder  
  87  8:16  Marauder, Marine x3  
  89  8:33  Marine  
  89  8:34  Marine x2  
  90  8:35  Marauder  
  90  8:37  Marauder  
  96  8:42  Marine x2  
  96  8:43  Siege Tank  
  101  8:51  Marine x2  
  101  8:52  Marine  
  104  8:57  Marauder  
  104  8:59  Marauder, Marine  
  104  9:00  Marine  
  107  9:15  Siege Tank  
  104  9:18  Marauder  
  104  9:20  Marauder, Combat Shield  
  108  9:25  Terran Infantry Armor Level 1  
  108  9:27  Barracks Reactor  
  108  9:29  Barracks Tech Lab  
  108  9:32  Marine x2, Engineering Bay  
  108  9:33  Marine  
  111  9:39  Marauder  
  111  9:41  Orbital Command, Marauder  
  111  9:42  Command Center  
  115  9:46  Refinery  
  115  9:48  Siege Tank  
  115  9:50  Marine x2  
  115  9:51  Marine  
  121  9:55  SCV x2  
  123  10:00  Marine  
  123  10:02  Marine  
  125  10:18  Supply Depot  
  125  10:20  Supply Depot  
  125  10:21  Supply Depot  
  125  10:22  Supply Depot  
  125  10:23  Terran Infantry Weapons Level 1  
  125  10:25  Supply Depot  
  125  10:29  Armory  
  125  10:30  Barracks Reactor  
  125  10:36  Armory  
  125  10:39  Marine x3  
  125  10:40  SCV x3, Medivac  
  125  10:41  Marine  
  125  10:42  Supply Depot  
  134  10:46  Supply Depot  
  134  10:51  Sensor Tower  
  134  10:52  SCV x3  
  134  10:55  Missile Turret  
  137  10:57  Marine x2  
  140  11:04  SCV x3, Infernal Pre-Igniter  
  140  11:10  Medivac  
  144  11:16  SCV  
  145  11:44  SCV x3  
  148  11:48  Refinery  
  128  11:56  SCV x2  
  128  11:57  SCV  
  128  11:58  Terran Infantry Armor Level 2  
  128  12:00  Terran Vehicle Weapons Level 1  
  128  12:01  Terran Vehicle And Ship Armor Level 1  
  131  12:08  Starport Tech Lab, SCV x2  
  131  12:11  Barracks Tech Lab  
  133  12:21  Starport  
  133  12:23  Starport  
  133  12:24  Refinery  
  133  12:28  Refinery, Planetary Fortress  
  133  12:30  SCV x3  
  136  12:37  Refinery  
  136  12:42  SCV x3  
  139  12:54  SCV x2  
  141  13:00  Starport  
  141  13:03  Ghost Academy  
  141  13:06  Ghost Academy  
  141  13:08  Terran Infantry Weapons Level 2  
  141  13:13  Starport Tech Lab  
  141  13:14  Starport Tech Lab  
  141  13:17  Starport Reactor  
  141  13:19  Starport Reactor  
  141  13:21  Starport Tech Lab  
  141  13:25  Raven  
  143  13:35  Marine x2  
  143  13:36  Marauder x2, Marine x5  
  143  13:39  Siege Tank  
  157  13:53  Marine x2  
  157  13:54  Marine x5  
  130  14:11  Siege Tank  
  74  15:07  Marauder x3  
  80  15:08  Marine x5  
  80  15:09  Marine  
  80  15:11  Enhanced Shockwaves, Personal Cloaking  
  86  15:20  Siege Tank  
  89  15:26  Marine x6  
  89  15:28  Marauder x3  
  101  15:31  Command Center  
  86  15:44  Marine x6  
  86  15:49  Marauder  
  96  15:50  Marauder x2  
  96  15:52  Siege Tank  
  98  16:01  Marine  
  98  16:09  Marine x5  
  98  16:11  Marauder x3  
  109  16:19  Marine  
  109  16:24  Siege Tank  
  113  16:26  Viking x2  
  113  16:27  Marine x5  
  113  16:29  Nuke  
  113  16:32  Marauder x3  
  128  16:36  Nuke  
  128  16:37  Marine  
  129  16:44  Marine  
  129  16:45  Marine x4  
  134  16:53  Marauder, Marine  
  134  16:54  Marauder  
  139  16:55  Marine  
  139  16:58  Command Center  
  140  17:02  Marine  
  140  17:03  Marine x4  
  145  17:12  Marauder  
  145  17:13  Marine  
  145  17:15  Marauder, Marine  
  151  17:20  Marine  
  151  17:21  Marine x4  
  156  17:30  Marine  
  156  17:33  Marauder x2  
  156  17:36  Marauder  
  163  17:38  Marine x5  
  162  17:48  Marine  
Show
View Real Time Build Order
Export as new Build Order

qqq Protoss - Winner!

Build Orders: Cannon Rush, Carriers 

Get SALT Encoding   

  12  0:01  Probe  
  13  0:13  Pylon  
  13  0:18  Probe  
  14  0:30  Probe  
  15  0:36  Forge  
  15  0:43  Probe  
  16  0:51  Pylon  
  16  1:00  Probe  
  17  1:12  Probe  
  17  1:15  Photon Cannon  
  18  1:22  Pylon  
  18  1:24  Probe  
  18  1:36  Probe  
  19  1:43  Photon Cannon, Pylon  
  19  1:49  Probe  
  20  1:58  Photon Cannon  
  20  2:07  Photon Cannon  
  20  2:14  Pylon  
  19  2:20  Pylon  
  19  2:40  Photon Cannon  
  19  2:43  Photon Cannon  
  19  2:44  Pylon  
  19  2:52  Photon Cannon  
  19  3:16  Photon Cannon  
  19  3:18  Photon Cannon  
  19  3:21  Photon Cannon  
  19  3:33  Photon Cannon  
  19  3:37  Pylon  
  19  3:56  Photon Cannon  
  19  4:01  Photon Cannon  
  19  4:05  Pylon  
  19  4:13  Pylon  
  19  4:16  Photon Cannon  
  19  4:24  Photon Cannon  
  19  4:32  Gateway  
  19  4:35  Probe  
  20  5:07  Nexus  
  20  5:09  Photon Cannon  
  20  5:23  Photon Cannon  
  22  5:30  Probe  
  23  5:42  Probe  
  21  5:43  Cybernetics Core  
  21  5:48  Assimilator  
  21  5:50  Assimilator  
  21  6:00  Probe  
  22  6:09  Pylon  
  22  6:12  Probe (Chrono Boost)  
  22  6:14  Gateway  
  23  6:23  Probe (Chrono Boost)  
  25  6:26  Probe (Chrono Boost)  
  25  6:28  Probe (Chrono Boost)  
  26  6:33  Photon Cannon  
  26  6:35  Probe  
  26  6:38  Probe  
  28  6:47  Probe  
  28  6:48  Photon Cannon  
  28  6:50  Probe  
  30  6:59  Probe  
  30  7:00  Shield Battery  
  31  7:03  Probe  
  31  7:07  Stalker (Chrono Boost)  
  34  7:11  Probe  
  34  7:13  Gateway  
  35  7:15  Probe  
  36  7:23  Probe  
  36  7:28  Photon Cannon  
  37  7:30  Pylon, Stalker (Chrono Boost)  
  39  7:38  Shield Battery  
  39  7:40  Pylon  
  39  7:51  Probe  
  39  7:52  Probe  
  39  7:57  Stalker (Chrono Boost)  
  43  8:05  Stalker (Chrono Boost)  
  43  8:08  Robotics Facility  
  45  8:20  Stalker (Chrono Boost)  
  47  8:27  Stalker  
  49  8:46  Stalker  
  51  8:55  Stargate  
  51  8:57  Stalker  
  51  8:59  Stargate  
  51  9:02  Assimilator  
  53  9:03  Probe (Chrono Boost)  
  53  9:06  Assimilator  
  53  9:09  Immortal (Chrono Boost)  
  54  9:13  Probe (Chrono Boost)  
  54  9:16  Stalker  
  61  9:20  Probe (Chrono Boost)  
  62  9:36  Nexus  
  62  9:37  Pylon  
  62  9:40  Pylon  
  62  9:44  Pylon  
  62  9:48  Pylon  
  62  9:55  Probe  
  62  9:56  Phoenix x2 (Chrono Boost)  
  67  10:07  Pylon  
  67  10:08  Probe  
  67  10:09  Pylon  
  68  10:20  Probe  
  69  10:25  Phoenix x2  
  73  10:30  Photon Cannon  
  73  10:33  Photon Cannon  
  73  10:36  Photon Cannon  
  73  10:40  Observer  
  74  10:55  Photon Cannon  
  74  10:59  Photon Cannon  
  74  11:16  Phoenix x2  
  76  11:37  Probe  
  77  11:41  Phoenix x2  
  82  11:47  Probe  
  82  11:48  Nexus  
  82  11:52  Photon Cannon  
  82  11:54  Protoss Air Weapons Level 1  
  82  11:55  Photon Cannon  
  82  11:56  Pylon  
  82  11:59  Probe  
  83  12:03  Fleet Beacon  
  83  12:05  Pylon  
  83  12:07  Phoenix, Pylon  
  85  12:11  Probe  
  85  12:15  Immortal  
  90  12:23  Probe  
  90  12:24  Phoenix  
  93  12:35  Probe  
  92  12:56  Carrier  
  99  12:58  Probe  
  99  13:01  Probe  
  99  13:05  Nexus  
  100  13:07  Photon Cannon  
  100  13:10  Probe, Photon Cannon  
  101  13:13  Probe  
  101  13:17  Photon Cannon  
  102  13:22  Probe  
  102  13:25  Probe, Carrier  
  106  13:34  Probe  
  106  13:37  Probe  
  104  13:47  Probe  
  105  13:49  Probe  
  105  13:51  Photon Cannon, Shield Battery  
  105  13:54  Pylon  
  106  13:59  Probe  
  106  14:00  Carrier  
  106  14:01  Probe  
  114  14:11  Probe  
  99  14:29  Phoenix  
  95  14:54  Phoenix  
  95  15:04  Carrier  
  95  15:05  Probe  
  102  15:08  Assimilator  
  102  15:12  Photon Cannon, Assimilator  
  102  15:16  Shield Battery  
  102  15:17  Probe, Photon Cannon  
  102  15:20  Carrier, Stargate  
  109  15:23  Pylon  
  109  15:26  Probe x2, Pylon  
  111  15:29  Probe, Pylon  
  111  15:31  Pylon  
  106  15:38  Probe x2  
  106  15:42  Probe  
  109  15:50  Probe x2  
  109  15:54  Probe  
  112  16:02  Probe x2  
  111  16:06  Probe  
  111  16:08  Tempest  
  117  16:14  Probe  
  117  16:15  Probe  
  117  16:18  Probe  
  120  16:24  Carrier  
  132  16:32  Carrier  
  132  16:46  Assimilator  
  132  16:48  Probe  
  132  16:50  Assimilator  
  132  16:51  Carrier, Assimilator  
  139  16:55  Assimilator  
  139  16:57  Stargate  
  139  17:00  Probe, Stargate  
  140  17:04  Stargate  
  140  17:06  Photon Cannon  
  140  17:08  Photon Cannon  
  140  17:13  Probe  
  141  17:25  Probe  
  140  17:37  Probe  
Tags
 
Composition
Carriers
League
Gold
Replay Pack
Multiplayer
Add a new tag
Caveats
  • Supply blocks, unpowered buildings, or Contaminate may cause inaccurate times.
  • Supply counts are checked every 10 seconds.